Cogmind - Beta 17.1 @@@ ROGUE MODE // 2026.09.20 @ 15:32:35 Player: Quad Result: Destroyed by S-10 Pest with Light Assault Rifle Performance ------------- Evolutions (2) 1000 Regions Visited (5) 1000 Robots Destroyed (0) 0 Value Destroyed (0) 0 Prototype IDs (0) 0 Alien Tech Used (0) 0 Bonus (703) 703 TOTAL SCORE: 2703 Bonus ------- Pacifist 470 Follower Combat Kills 33 Entered Garrisons 200 Cogmind --------- Core Integrity 0/550 Matter 239/300 Energy 98/100 System Corruption 0% Temperature Cool (0) Movement Core (50) Location -8/Garrison Parts ------- > --- POWER (1) -------- (None) > --- PROPULSION (4) --- (None) > --- UTILITY (3) ------ (None) > --- WEAPON (3) ------- (None) > --- INVENTORY (5) ---- (None) Peak State ------------ None Favorites ----------- Power None Propulsion None Utility None Weapon None Build | -11 -10 -9 -9 -8 -8 ------- Run | Yrd Mat Mat Min Mat Gar Slots Evolved 4 | . . 2 . 2 . Power . | . . . . . . Propulsion 2 | . . 2 . . . Utility 1 | . . . . 1 . Weapon 1 | . . . . 1 . Parts Attached . | . . . . . . Power . | . . . . . . Engine . | . . . . . . Core . | . . . . . . Reactor . | . . . . . . Propulsion . | . . . . . . Treads . | . . . . . . Leg . | . . . . . . Wheel . | . . . . . . Hover . | . . . . . . Flight . | . . . . . . Utility . | . . . . . . Device . | . . . . . . Storage . | . . . . . . Processor . | . . . . . . Hackware . | . . . . . . Protection . | . . . . . . Artifact . | . . . . . . Weapon . | . . . . . . Energy Gun . | . . . . . . Energy Cannon . | . . . . . . Ballistic Gun . | . . . . . . Ballistic Cannon . | . . . . . . Launcher . | . . . . . . Special Weapon . | . . . . . . Impact Weapon . | . . . . . . Slashing Weapon . | . . . . . . Piercing Weapon . | . . . . . . Special Melee Weapon . | . . . . . . Unidentified Prototypes . | . . . . . . Parts Lost . | . . . . . . Power . | . . . . . . Propulsion . | . . . . . . Utility . | . . . . . . Weapon . | . . . . . . Highest Loss Streak . | . . . . . . To Critical Strikes . | . . . . . . Average Backups . | . . . . . . Power . | . . . . . . Propulsion . | . . . . . . Utility . | . . . . . . Weapon . | . . . . . . Tool/Special . | . . . . . . Unused Backups . | . . . . . . Power . | . . . . . . Propulsion . | . . . . . . Utility . | . . . . . . Weapon . | . . . . . . Tool/Special . | . . . . . . Average Slot Usage (%) . | . . . . . . Peak Build Rating . | . . . . . . Average Rating . | . . . . . . On Entrance . | . . . . . . Avg Prop Armor Cover (%) . | . . . . . . Naked Turns 236 | . 30 37 46 6 117 Heaviest Build . | . . . . . . Greatest Support 3 | 3 3 3 3 3 3 Greatest Overweight (x) . | . . . . . . Average Overweight (x) . | . . . . . . Largest Inventory Capacity 5 | 5 5 5 5 5 5 Average Capacity 5 | 5 5 5 5 5 5 Most Carried . | . . . . . . Average Carried . | . . . . . . Final Capacity 5 | 5 5 5 5 5 5 Final Carried . | . . . . . . Class Distribution -------------------- 100% | Mutant Dominant Class ---------------- Mutant | -10/Materials Mutant | -9/Materials Mutant | -9/Mines Mutant | -8/Materials Mutant | -8/Garrison Resources | -11 -10 -9 -9 -8 -8 ----------- Run | Yrd Mat Mat Min Mat Gar Matter Collected 139 | 139 . . . . . Remotely . | . . . . . . Salvage Created . | . . . . . . Parts . | . . . . . . Haulers Intercepted . | . . . . . . Recyclers Shooed . | . . . . . . Parts Field Recycled . | . . . . . . Retrieved Matter . | . . . . . . Parts Self-Destructed . | . . . . . . Prevented . | . . . . . . Parts Restored . | . . . . . . Kills | -11 -10 -9 -9 -8 -8 ------- Run | Yrd Mat Mat Min Mat Gar Combat Hostiles Destroyed . | . . . . . . Classes Destroyed . | . . . . . . Best Kill Streak . | . . . . . . Combat Bots Only . | . . . . . . Max Kills in Single Turn . | . . . . . . Gunslinging . | . . . . . . Exploded . | . . . . . . Melee . | . . . . . . Uniques/NPCs Destroyed . | . . . . . . Combat | -11 -10 -9 -9 -8 -8 -------- Run | Yrd Mat Mat Min Mat Gar Hostile Shots Fired 143 | . 4 7 22 . 110 Missed 66 | . 3 4 10 . 49 Hits 77 | . 1 3 12 . 61 Projectile 77 | . 1 3 12 . 61 Critical Strikes 2 | . . . . . 2 Damage Taken 765 | . 11 111 92 . 551 Core 765 | . 11 111 92 . 551 Absorbed by Shields 33 | . . . . . 33 Core Remaining (%) 81 | 100 95 . 49 . . Volleys Fired . | . . . . . . Largest . | . . . . . . Hottest . | . . . . . . Shots Fired . | . . . . . . Gun . | . . . . . . Cannon . | . . . . . . Launcher . | . . . . . . Special . | . . . . . . Kinetic . | . . . . . . Thermal . | . . . . . . Explosive . | . . . . . . Electromagnetic . | . . . . . . Robot Hit Streak . | . . . . . . Robot Miss Streak . | . . . . . . Penetration Max . | . . . . . . Secondary Targets . | . . . . . . Shots Hit Robots . | . . . . . . Core Hits . | . . . . . . Critical Kills . | . . . . . . Critical Parts Destroyed . | . . . . . . Critical Strikes . | . . . . . . Melee Attacks . | . . . . . . Impact . | . . . . . . Slashing . | . . . . . . Piercing . | . . . . . . Sneak Attacks . | . . . . . . Combat Hostiles . | . . . . . . Follow-up Attacks . | . . . . . . Damage Inflicted . | . . . . . . Guns . | . . . . . . Cannons . | . . . . . . Explosions . | . . . . . . Melee . | . . . . . . Ramming . | . . . . . . Kinetic . | . . . . . . Thermal . | . . . . . . Explosive . | . . . . . . Electromagnetic . | . . . . . . Impact . | . . . . . . Slashing . | . . . . . . Piercing . | . . . . . . Highest Corruption 1 | . . 1 1 . . Average Corruption 1 | . . 1 1 . . Corruption Purged . | . . . . . . Corruption Blocked . | . . . . . . Overload Shots . | . . . . . . Overflow Damage . | . . . . . . Projectiles . | . . . . . . Explosions . | . . . . . . Melee . | . . . . . . Knockbacks . | . . . . . . Impact . | . . . . . . Kinetic . | . . . . . . Secondary . | . . . . . . Self-Inflicted Damage . | . . . . . . Shots . | . . . . . . Rammed . | . . . . . . Targets Rammed . | . . . . . . Kicked . | . . . . . . Crushed . | . . . . . . Highest Temperature 5 | . . . . . 5 Average Temperature 5 | . . . . . 5 Received Heat Transfer 132 | . 6 18 . . 108 Siege Activations . | . . . . . . Martial Activations . | . . . . . . Shielding Activations . | . . . . . . Robots Disrupted . | . . . . . . Combat Hostiles . | . . . . . . Robots Corrupted . | . . . . . . Combat Hostiles . | . . . . . . Parts Fried . | . . . . . . Impact Corruptions . | . . . . . . Robots Melted . | . . . . . . Combat Hostiles . | . . . . . . Parts Melted . | . . . . . . Heat Transferred . | . . . . . . Parts Sabotaged . | . . . . . . Parts Stolen . | . . . . . . Parts Stripped . | . . . . . . Power Chain Reactions . | . . . . . . Alert | -11 -10 -9 -9 -8 -8 ------- Run | Yrd Mat Mat Min Mat Gar Maximum Alert Level . | . . . . . . Low Security (%) 100 | 100 100 100 100 100 100 Level 1 . | . . . . . . Level 2 . | . . . . . . Level 3 . | . . . . . . Level 4 . | . . . . . . Level 5 . | . . . . . . High Security . | . . . . . . Max Security . | . . . . . . Peak Influence 60 | . . . 60 19 50 Initial 19 | . . . . 19 12 Average 12 | . . . 20 19 17 Influence Increases 133 | . . . 60 . 73 Destroy 0b10 Robot/C 20 | . . . . . 20 Allied During Kill 3 | . . . . . 3 Anti-Garrison Action 50 | . . . . . 50 Lose Combat Pursuer 60 | . . . 60 . . Influence Decreases 83 | . . . 10 31 42 Entered New Map 38 | . . . . 31 7 Time Decay 10 | . . . 10 . . Lost Ally 35 | . . . . . 35 Squads Dispatched 1 | . . . . 1 . Investigation . | . . . . . . Extermination . | . . . . . . Reinforcement . | . . . . . . Assault . | . . . . . . Garrison 1 | . . . . 1 . Intercept . | . . . . . . Searches Triggered . | . . . . . . Construction Impeded . | . . . . . . Haulers Reinforced . | . . . . . . Active Scanning Responses . | . . . . . . Cargo Convoy Interrupts . | . . . . . . Stealth | -11 -10 -9 -9 -8 -8 --------- Run | Yrd Mat Mat Min Mat Gar Distress Signals . | . . . . . . Communications Jammed . | . . . . . . Distress Signals . | . . . . . . Times Spotted 35 | . 5 6 4 2 18 Peak Tracking Total 17 | . 6 6 4 2 17 Tactical Retreats 1 | . . . 1 . . Traps | -11 -10 -9 -9 -8 -8 ------- Run | Yrd Mat Mat Min Mat Gar Traps Triggered 5 | . . 1 . . 4 Indirectly . | . . . . . . Trap Hack Attempts . | . . . . . . Triggered . | . . . . . . Disarmed . | . . . . . . Reprogrammed . | . . . . . . Reused . | . . . . . . Traps Extracted . | . . . . . . Installed . | . . . . . . Triggered . | . . . . . . Machines | -11 -10 -9 -9 -8 -8 ---------- Run | Yrd Mat Mat Min Mat Gar Machines Disabled . | . . . . . . Max in Single Turn . | . . . . . . Machines Repaired . | . . . . . . Machines Dismantled . | . . . . . . Machines Sabotaged . | . . . . . . Overloaded Fab Kills . | . . . . . . Hacking | -11 -10 -9 -9 -8 -8 --------- Run | Yrd Mat Mat Min Mat Gar Machines Accessed 2 | . . . . 1 1 Terminals 1 | . . . . . 1 Fabricators . | . . . . . . Repair Stations . | . . . . . . Recycling Units . | . . . . . . Scanalyzers . | . . . . . . Garrison Access 1 | . . . . 1 . Total Hacks 4 | . . . . 1 3 Successful 1 | . . . . 1 . Failed 3 | . . . . . 3 Catastrophic 1 | . . . . . 1 Database Lockouts . | . . . . . . Manual . | . . . . . . Terminals 3 | . . . . . 3 Fabricators . | . . . . . . Repair Stations . | . . . . . . Recycling Units . | . . . . . . Scanalyzers . | . . . . . . Garrison Access 1 | . . . . 1 . Terminal Hacks . | . . . . . . Fabricator Hacks . | . . . . . . Repair Station Hacks . | . . . . . . Recycling Unit Hacks . | . . . . . . Scanalyzer . | . . . . . . Garrison Access Hacks 1 | . . . . 1 . Unlock Access 1 | . . . . 1 . Unauthorized Hacks . | . . . . . . Terminals . | . . . . . . Fabricators . | . . . . . . Repair Stations . | . . . . . . Recycling Units . | . . . . . . Scanalyzers . | . . . . . . Garrison Access . | . . . . . . Data Cores Recovered . | . . . . . . Used . | . . . . . . Hacking Detections 2 | . . . . 1 1 Full Trace Events 1 | . . . . . 1 Feedback Events . | . . . . . . Feedback Blocked . | . . . . . . Robot Schematics Acquired . | . . . . . . Robots Built . | . . . . . . Authchips . | . . . . . . Time . | . . . . . . Total Robot Build Rating . | . . . . . . Part Schematics Acquired . | . . . . . . Parts Built . | . . . . . . Authchips . | . . . . . . Time . | . . . . . . Total Part Build Rating . | . . . . . . Part Studies Acquired . | . . . . . . Parts Repaired . | . . . . . . Time . | . . . . . . Parts Recycled . | . . . . . . Recycled Matter . | . . . . . . Retrieved Matter . | . . . . . . Retrieved Components . | . . . . . . Parts Scanalyzed . | . . . . . . Part Schematics Acquired . | . . . . . . Parts Damaged . | . . . . . . Bothacking | -11 -10 -9 -9 -8 -8 ------------ Run | Yrd Mat Mat Min Mat Gar Used RIF Installer . | . . . . . . Robots Hacked . | . . . . . . Non-combat . | . . . . . . Combat . | . . . . . . Robot Hacks Applied . | . . . . . . Relay Couplers Released . | . . . . . . Fabnet Peak Effective % . | . . . . . . Robots Rewired . | . . . . . . Allies Hacked . | . . . . . . Hacks Repelled . | . . . . . . Allies | -11 -10 -9 -9 -8 -8 -------- Run | Yrd Mat Mat Min Mat Gar Total Allies 3 | . . . 3 . . Largest Group 3 | . . . . 3 3 Highest-Rated Group 40 | . . . . 40 40 Highest-Rated Ally 16 | . . . . 16 16 Total Orders . | . . . . . . Ally Attacks 14 | . . . . 7 7 Total Damage 140 | . . . . 55 85 Kills 1 | . . . . . 1 Allies Corrupted . | . . . . . . Allies Melted . | . . . . . . Intel | -11 -10 -9 -9 -8 -8 ------- Run | Yrd Mat Mat Min Mat Gar Active Infowar (turns) . | . . . . . . Robot Analysis Total . | . . . . . . Derelict Logs Recovered 1 | . . . 1 . . Drone Launches . | . . . . . . Drone Recoveries . | . . . . . . Exploration | -11 -10 -9 -9 -8 -8 ------------- Run | Yrd Mat Mat Min Mat Gar Turns Passed 246 | 10 30 37 46 6 117 Spaces Moved 377 | 19 59 73 91 11 124 Core 377 | 19 59 73 91 11 124 Treads . | . . . . . . Legs . | . . . . . . Wheels . | . . . . . . Hover . | . . . . . . Flight . | . . . . . . Fastest Speed 50 | 50 50 50 50 50 50 Average Speed 50 | 50 50 50 50 50 50 Slowest Speed 50 | 50 50 50 50 50 50 Overloaded Moves . | . . . . . . Propulsion Burnouts . | . . . . . . Robots Hopped . | . . . . . . Potential Cave-ins . | . . . . . . Cave-ins Triggered . | . . . . . . Exploration Rate (%) 16 | 3 18 12 34 3 26 Regions Visited 5 Branch Regions 1 Pre-discovered Areas . | . . . . . . Known Exits Taken 1 | . . . . 1 . Unknown Exits Taken 4 | 1 1 1 1 . . Scrap Searched . | . . . . . . Spaces Dug . | . . . . . . Terrain Destroyed . | . . . . . . Melee . | . . . . . . Projectile . | . . . . . . AOE . | . . . . . . Terrain Rammed . | . . . . . . Walls Destroyed . | . . . . . . Machines Disabled . | . . . . . . Actions | -11 -10 -9 -9 -8 -8 --------- Run | Yrd Mat Mat Min Mat Gar Total 428 | 18 58 72 90 11 179 Wait . | . . . . . . Move 373 | 18 58 72 90 11 124 Hop . | . . . . . . Pick Up . | . . . . . . Fast Attach . | . . . . . . Attach . | . . . . . . Detach . | . . . . . . Swap . | . . . . . . Drop . | . . . . . . Fire . | . . . . . . Melee . | . . . . . . Ram . | . . . . . . Kick . | . . . . . . Crush . | . . . . . . Escape Stasis 55 | . . . . . 55 Rewire . | . . . . . . Trap . | . . . . . . Miscellaneous . | . . . . . . Route ------- -11/Scrapyard -10/Materials -9/Materials -9/Mines -8/Materials -8/Garrison (discovered 1 exit: [*Mat]) History --------- Turn | Location | Event 4 | -11/Scrapyard | Discovered new exit (range 15) 11 | -11/Scrapyard | Entered Materials 37 | -10/Materials | Discovered new exit (range 9) 41 | -10/Materials | Entered another Materials area 41 | -9/Materials | Evolved 2 slots: Propulsion x2 71 | -9/Materials | Discovered new exit (range 13) 78 | -9/Materials | Entered Mines 98 | -9/Mines | Core integrity fell below 50% 114 | -9/Mines | Discovered new exit (range 13) 121 | -9/Mines | Assisted by bots powering up and referring to "LRC-V3" 122 | -9/Mines | Learned Materials emergency access door positions 124 | -9/Mines | Entered Materials 124 | -8/Materials | Accompanied by 3 allies 124 | -8/Materials | Evolved 2 slots: Utility x1, Weapon x1 130 | -8/Materials | Identified exit to Garrison 130 | -8/Materials | Entered Garrison 130 | -8/Garrison | Accompanied by 3 allies 200 | -8/Garrison | Triggered checkpoint 210 | -8/Garrison | Triggered checkpoint 227 | -8/Garrison | Core integrity fell below 50% 238 | -8/Garrison | Core integrity fell below 20% 244 | -8/Garrison | Discovered new exit (range 10) 247 | -8/Garrison | Lost 3 allies 247 | -8/Garrison | Destroyed by S-10 Pest with Light Assault Rifle Last Messages --------------- 00210_ Beams of light sweep through the air. An alarm sounds. 00210_ Field strength at 53. 00211_ Y-45 Defender destroyed. 00211_ Field strength at 47. 00212_ Field strength at 38. Garrison Door activated. 00213_ Field strength at 32. 00214_ Trooper 2b destroyed. 00214_ Field strength at 26. 00215_ Field strength at 18. 00215_ Mercenary 2a destroyed. 00216_ Stasis field depleted. 00218_ Critical hit (Burn: +37). 00220_ S-10 Pest destroyed. 00229_ Connecting with Garrison Terminal... 00229_ ALERT: Suspicious activity at Terminal G003. Transmitting hostile system tracking data. 00244_ EXIT=FOUND Map ----- +----------------------------------------------------+ | | | | | | | | | | | | | | | | | | | | | | | ?????????????????????????????????????????????????? | | ?????????????????????????????????????????????????? | | ?????????????????????????????????????????????????? | | ?????????????????????????????????????????????????? | | ?????????????????????????????????????????????????? | | ?????????????????????????????????????????????????? | | ?????????????????????????????????????????????????? | | ?????????????????????????????????????????????????? | | ?????????????????????????????????????????????????? | | ?????????????????????????????????????????????????? | | ??????????????????????#######????????????????????? | | ??????????????????????# #????????????????????? | | ??????????????????????# < #????????????????????? | | ??????????????????????? #????????????????????? | | ????????????????????????#@ #????????????????????? | | ????????????????????????# #????????????????????? | | ????????????????????????# #????????????????????? | | ????????????????????????# #????????????????????? | | ????????????????????????# #????????????????????? | | ????????????????????????# #????????????????????? | | ????????????????????????# #????????????????????? | | ????????????????????????# #????????????????????? | | ????????????????????????# #????????????????????? | | ????????????????????????# #????????????????????? | | ????????????????????????# #????????????????????? | | ????????????????????????# #????????????????????? | | ????????????????????????# #????????????????????? | | ????????????????????????# #????????????????????? | | ????????????????????????# #????????????????????? | | ????????????????????????#s #????????????????????? | | ????????????????????????# #?????????????????? ? | | ????????????????????????# #?????????????????? ? | | ????????????????????????# #?????????????????? # | | ????????????############# #?????????????????? | | ????????? #?????????????????? | | ????????? #?????????????????? %# | | ???????????# #####"""## #?????????????????? "# | | ????????????????????????# #?????????????????# # | | ????????????????????????# #?????????????????# # | +----------------------------------------------------+ Best States ------------- Heat Dissipation 31 Energy Generation 5 Energy Capacity 100 Matter Stores 239 Matter Capacity 300 Sight Range 16 Terrain Scan Density 10 Evasion (%) 50 Item Schematics ----------------- None Robot Schematics ------------------ None Fabricated ------------ Nothing Repaired ---------- Nothing Studied --------- None Alien Tech Used ----------------- None Achievements -------------- None Challenges ------------ None Game ------ Seed NuclearCoolingInitializer Manual? 0 Play Time 00:11:32 Cumulative 10.8 hours Start 2026.09.20 @ 15:23:09 End 2026.09.20 @ 15:32:35 Sessions 2 Manual Loads 0 Difficulty Rogue Special Mode None Game No. 17 Rogue 15 Adventurer 2 Explorer 0 Win Type - Total 0 Types 0/0/0/0/0/0/0/0/0/0 Lore% 8 Gallery% 14 Achievement% 15 Wizard Run 0 Options --------- Layout 1 ASCII 0 Keyboard 0 Movement Mouse Keybinds 0 Fullscreen 0 Font 14/SmallcapsGlow Map View 50x35 Zoom Use 0% Tactical HUD 1 Map Filters NONE Filters NONE Steam X RUN: c0ca6993-ac05-4f7b-ace7-c6ebd9f12917